 Dungeon Crawl Stone Soup version 0.21.1-1-g345015fe64 (webtiles) character file.

47 Gargoyl the Skirmisher (level 3, -5/31 HPs)
             Began as a Centaur Abyssal Knight on Mar 28, 2018.
             Was a Follower of Lugonu.
             Slain by an ogre
             ... wielding a cursed -1 giant spiked club
              (19 damage)
             ... on level 2 of the Dungeon.
             The game lasted 00:03:04 (1721 turns).

Gargoyl the Skirmisher (Centaur Abyssal Knight)     Turns: 1721, Time: 00:03:04

Health: -5/31      AC: 13    Str: 14    XL:     3   Next: 48%
Magic:  4/4        EV:  1    Int: 11    God:    Lugonu [*.....]
Gold:   57         SH:  2    Dex:  9    Spells: 2/2 levels left

rFire    . . .     SeeInvis .   a - +1 hand axe
rCold    + . .     Gourm    .   d - +0 buckler
rNeg     . . .     Faith    .   i - +2 plate armour {rC+}
rPois    .         Spirit   .   k - +0 helmet
rElec    .         Reflect  .   (no cloak)
rCorr    .         Harm     .   f - +0 pair of gloves
MR       .....                  (no barding)
Stlth    ..........             (no amulet)
HPRegen  0.10/turn              (no ring)
MPRegen  0.09/turn              (no ring)

@: very quick
A: large, hooves 3, deformed body, speed 2, tough skin 3
a: Depart the Abyss, Renounce Religion


You were on level 2 of the Dungeon.
You worshipped Lugonu.
Lugonu was aware of your devotion.
You were not hungry.

You visited 1 branch of the dungeon, and saw 2 of its levels.
You visited the Abyss 1 time.

You collected 57 gold pieces.

Inventory:

Hand Weapons
 a - a +1 hand axe (weapon)
Armour
 d - a +0 buckler (worn)
 f - a +0 pair of gloves (worn)
 i - a +2 plate armour of cold resistance (worn)
 k - a +0 helmet (worn)
Scrolls
 e - a scroll of random uselessness {unknown}
 j - a scroll of enchant armour {unknown}
Potions
 b - a potion of might {unknown}
 g - a potion of flight
 h - a potion of resistance {unknown}
Comestibles
 c - 2 rations


   Skills:
 + Level 3.4 Fighting
 + Level 2.1 Axes
 * Level 2.0 Armour
 + Level 0.9 Dodging
 * Level 2.4 Invocations


You had 2 spell levels left.
You didn't know any spells.

Dungeon Overview and Level Annotations

Branches:
Dungeon (2/15)

Altars:
Qazlal


Innate Abilities, Weirdness & Mutations

You have hooves in place of feet.
Armour fits poorly on your strangely shaped body.
You cover ground very quickly.
You have extremely tough skin. (AC +3)


Message History

Okay, then.
You eat one of the 3 rations.
That ration really hit the spot!
You climb downwards.
There is a stone staircase leading up here.
You hit the ogre.
The ogre is lightly wounded.
You block the ogre's attack.
You hit the ogre but do no damage.
The ogre is lightly wounded.
The ogre hits you with a giant spiked club!
Your plate armour prevents you from hitting the ogre.
The ogre is lightly wounded.
The ogre hits you with a giant spiked club.
You closely miss the ogre. Your kick misses the ogre.
The ogre is lightly wounded.
Your plate armour prevents you from hitting the ogre.
The ogre is lightly wounded.
The ogre hits you with a giant spiked club!!
Ouch! That really hurt!
You die...

#########
..O[....############
###....).......O@..#
#.###.##########.#
#.# #.# #.# #.# #.#
#<# ###.# #.# #.#
....# #.# #<# #####
#.# #.# #.# #.# #.#
#.#


You could see an ogre.

Vanquished Creatures
  An adder (D:2)
  A worm (D:2)
  2 dart slugs (D:1)
  A leopard gecko (D:1)
  3 giant cockroaches (D:1)
  3 hobgoblins (D:1)
  2 ball pythons (D:1)
  5 bats
  2 frilled lizards (D:1)
  5 goblins (D:1)
  2 kobolds
  5 rats (D:1)
32 creatures vanquished.

Notes
Turn   | Place    | Note
-------+----------+-------------------------------------------
     0 | Abyss:1  | Gargoyl the Centaur Abyssal Knight began the quest for the Orb.
     0 | Abyss:1  | Reached XP level 1. HP: 19/19 MP: 2/2
    54 | Abyss:2  | Found a corrupted altar of Lugonu.
    70 | Abyss:2  | Noticed a ynoxinul
    90 | Abyss:3  | Noticed a neqoxec
   104 | Abyss:3  | Noticed a quasit
   111 | Abyss:3  | Noticed a spatial maelstrom
   111 | Abyss:3  | Noticed a thrashing horror
   112 | Abyss:3  | Noticed a thrashing horror
   114 | Abyss:3  | Noticed a thrashing horror
   114 | Abyss:3  | Noticed an ancient zyme
   114 | Abyss:3  | Noticed a chaos spawn
   114 | D:1      | Escaped the Abyss
   440 | D:1      | Reached XP level 2. HP: 26/26 MP: 3/3
   626 | D:1      | Reached * piety under Lugonu
   783 | D:1      | Reached XP level 3. HP: 24/31 MP: 4/4
  1467 | D:2      | Found a stormy altar of Qazlal.
  1468 | D:2      | Noticed an ogre
  1721 | D:2      | Slain by an ogre

Skill      XL: |  1  2  3 |
---------------+----------+-----
Axes           | 2 |  2.1
Armour         | 2 |  2.0
Fighting       | |  3.4
Dodging        | |  0.9
Invocations    | |  2.4

Action                   || total
-------------------------++-------
Melee: Hand axe          ||    81
       Kick              ||    15
Invok: Depart the Abyss  ||     1
  Use: Scroll            ||     3
       Potion            ||     1
  Eat: Ration            ||     1
       Chunk             ||     1
Armor: Leather armour    ||    32
       Plate armour      ||    34
Dodge: Dodged            ||    28
Block: Buckler           ||     8
